2466 views
Uploaded 2021-08-09 15:27:18
Game version 1.32.10
32:55 long 1on1 ladder game on (3)NomadIsles
Saved by aom
2466 views
Uploaded 2021-08-09 15:27:18
Game version 1.32.10
32:55 long 1on1 ladder game on (3)NomadIsles

56 units @ 9k
/ 1.5k
29 buildings @ 4.4k
/ 1.9k



| Rod of Necromancy | 2 | 300 |
| Orb of Corruption | 2 | 750 |
| Potion of Healing | 3 | 450 |
| Scroll of Town Portal | 3 | 1050 |
| Scroll of Healing | 2 | 500 |
| Potion of Lesser Invulnerability | 1 | 150 |
| total: | 13 | 3200g |
| Acolyte | 21 | 1575 | / | 0 |
| Ghoul | 7 | 840 | / | 0 |
| Crypt Fiend | 9 | 1935 | / | 360 |
| Obsidian Statue | 3 | 600 | / | 105 |
| Gargoyle | 3 | 525 | / | 90 |
| Abomination | 6 | 1440 | / | 420 |
| Meat Wagon | 4 | 920 | / | 200 |
| Frost Wyrm | 1 | 385 | / | 120 |
| Goblin Shredder | 2 | 750 | / | 200 |
| total: | 56 | 8970g | / | 1495w |
| Nerubian Tower | 3 | 300 | / | 60 |
| Spirit Tower | 3 | 435 | / | 120 |
| Altar of Darkness | 1 | 180 | / | 50 |
| Ziggurat | 14 | 2100 | / | 700 |
| Crypt | 1 | 200 | / | 50 |
| Tomb of Relics | 4 | 520 | / | 120 |
| Graveyard | 2 | 430 | / | 0 |
| Necropolis | 1 | 225 | / | 0 |
| Slaughterhouse | 2 | 280 | / | 270 |
| Sacrificial Pit | 2 | 150 | / | 300 |
| Boneyard | 2 | 350 | / | 400 |
| Halls of the Dead | 1 | 320 | / | 210 |
| Black Citadel | 1 | 325 | / | 230 |
| total: | 29 | 4435g | / | 1890w |
| 0:03 | Acolyte |
| 0:05 | Altar of Darkness |
| 0:06 | Ziggurat |
| 0:17 | Acolyte |
| 0:35 | Crypt |
| 0:54 | Acolyte |
| 1:04 | Tomb of Relics |
| 1:26 | Graveyard |
| 1:35 | Ghoul |
| 1:41 | Ghoul |
| 2:06 | Rod of Necromancy |
| 2:09 | Sleep |
| 2:21 | Ghoul |
| 2:22 | Ghoul |
| 2:31 | Ziggurat |
| 2:46 | Cannibalize |
| 2:54 | Unholy Strength |
| 3:44 | Vampiric Aura |
| 3:51 | Halls of the Dead |
| 3:53 | Ziggurat |
| 4:14 | Crypt Fiend |
| 4:20 | Creature Attack |
| 5:01 | Nerubian Tower |
| 5:37 | Ziggurat |
| 5:45 | Crypt Fiend |
| 5:58 | Rod of Necromancy |
| 6:07 | Crypt Fiend |
| 6:53 | Black Citadel |
| 6:59 | Ghoul |
| 7:00 | Ghoul |
| 7:31 | Crypt Fiend |
| 8:19 | Goblin Shredder |
| 8:26 | Web |
| 8:49 | Vampiric Aura |
| 10:09 | Death Coil |
| 10:40 | Impale |
| 10:47 | Acolyte |
| 10:47 | Acolyte |
| 10:47 | Acolyte |
| 10:47 | Acolyte |
| 10:48 | Acolyte |
| 10:53 | Slaughterhouse |
| 10:54 | Slaughterhouse |
| 11:37 | Burrow |
| 11:37 | Ghoul Frenzy |
| 11:38 | Ghoul |
| 11:46 | Unholy Armor |
| 12:11 | Acolyte |
| 12:20 | Obsidian Statue |
| 12:24 | Destroyer Form |
| 12:25 | Disease Cloud |
| 13:17 | Gargoyle |
| 13:58 | Sleep |
| 14:24 | Abomination |
| 14:29 | Gargoyle |
| 14:54 | Abomination |
| 15:04 | Orb of Corruption |
| 15:11 | Gargoyle |
| 15:20 | Tomb of Relics |
| 15:21 | Ziggurat |
| 15:21 | Ziggurat |
| 15:34 | Sacrificial Pit |
| 15:39 | Ziggurat |
| 16:20 | Abomination |
| 16:26 | Crypt Fiend |
| 16:29 | Spiked Carapace |
| 16:33 | Crypt Fiend |
| 17:45 | Unholy Aura |
| 18:21 | Impale |
| 18:23 | Nerubian Tower |
| 18:24 | Spirit Tower |
| 18:25 | Spirit Tower |
| 18:27 | Abomination |
| 18:29 | Crypt Fiend |
| 18:31 | Obsidian Statue |
| 18:32 | Crypt Fiend |
| 18:33 | Improved Creature Attack |
| 18:49 | Scroll of Town Portal |
| 18:50 | Potion of Lesser Invulnerability |
| 19:44 | Potion of Healing |
| 19:44 | Potion of Healing |
| 19:44 | Potion of Healing |
| 20:04 | Goblin Shredder |
| 20:17 | Acolyte |
| 20:18 | Acolyte |
| 20:18 | Acolyte |
| 20:24 | Necropolis |
| 21:08 | Abomination |
| 21:20 | Vampiric Aura |
| 21:25 | Acolyte |
| 21:25 | Acolyte |
| 21:25 | Acolyte |
| 21:25 | Acolyte |
| 21:25 | Acolyte |
| 21:47 | Orb of Corruption |
| 21:56 | Ziggurat |
| 21:57 | Ziggurat |
| 22:03 | Improved Unholy Armor |
| 22:07 | Unholy Aura |
| 22:42 | Tomb of Relics |
| 22:43 | Ziggurat |
| 22:46 | Spiked Carapace |
| 24:26 | Improved Unholy Strength |
| 25:18 | Meat Wagon |
| 25:18 | Meat Wagon |
| 25:21 | Death Coil |
| 26:01 | Graveyard |
| 26:10 | Scroll of Town Portal |
| 27:04 | Meat Wagon |
| 27:04 | Meat Wagon |
| 27:20 | Acolyte |
| 28:08 | Scroll of Healing |
| 28:10 | Inferno |
| 28:25 | Nerubian Tower |
| 28:26 | Acolyte |
| 28:38 | Spiked Carapace |
| 29:09 | Tomb of Relics |
| 29:10 | Ziggurat |
| 29:11 | Ziggurat |
| 29:12 | Ziggurat |
| 29:30 | Advanced Unholy Strength |
| 29:44 | Sacrificial Pit |
| 29:45 | Boneyard |
| 29:46 | Boneyard |
| 30:35 | Unholy Aura |
| 30:44 | Abomination |
| 30:46 | Obsidian Statue |
| 30:47 | Crypt Fiend |
| 30:57 | Spirit Tower |
| 31:29 | Ziggurat |
| 31:35 | Scroll of Town Portal |
| 31:37 | Scroll of Healing |
| 32:14 | Acolyte |
| 32:14 | Acolyte |
| 32:44 | Frost Wyrm |
| Select group | 2520 |
| Right click | 888 |
| Select | 823 |
| Misc. action | 258 |
| Build/train/purchase | 144 |
| Chat | 86 |
| Use ability | 77 |
| Assign group | 70 |
| Item give/drop | 3 |
| Remove unit | 2 |
| Minimap ping | 2 |
/ 1.1k
50 buildings @ 4.3k
/ 1.9k



| Peasant | 17 | 1275 | / | 0 |
| Footman | 10 | 1350 | / | 0 |
| Priest | 6 | 810 | / | 60 |
| Knight | 8 | 1960 | / | 480 |
| Flying Machine | 6 | 600 | / | 180 |
| Siege Engine | 6 | 1170 | / | 360 |
| Sorceress | 1 | 155 | / | 20 |
| Forest Troll Shadow Priest | 1 | 195 | / | 10 |
| total: | 55 | 7515g | / | 1110w |
| Scout Tower | 24 | 720 | / | 480 |
| Guard Tower | 11 | 770 | / | 550 |
| Arcane Tower | 2 | 140 | / | 100 |
| Altar of Kings | 4 | 720 | / | 200 |
| Farm | 13 | 1040 | / | 260 |
| Barracks | 2 | 320 | / | 120 |
| Lumber Mill | 1 | 120 | / | 0 |
| Blacksmith | 1 | 140 | / | 60 |
| Town Hall | 2 | 770 | / | 410 |
| Arcane Sanctum | 1 | 150 | / | 140 |
| Workshop | 2 | 280 | / | 280 |
| Keep | 1 | 320 | / | 210 |
| Castle | 1 | 360 | / | 210 |
| total: | 50 | 4260g | / | 1950w |
| 0:20 | Peasant |
| 0:20 | Peasant |
| 0:36 | Peasant |
| 0:38 | Altar of Kings |
| 0:45 | Peasant |
| 0:52 | Farm |
| 1:11 | Barracks |
| 1:23 | Peasant |
| 1:26 | Peasant |
| 1:36 | Farm |
| 1:51 | Lumber Mill |
| 2:06 | Peasant |
| 2:06 | Peasant |
| 2:15 | Farm |
| 2:21 | Footman |
| 2:21 | Footman |
| 2:54 | Improved Masonry |
| 2:58 | Footman |
| 3:03 | Holy Light |
| 3:16 | Footman |
| 3:21 | Keep |
| 3:46 | Footman |
| 4:02 | Improved Lumber Harvesting |
| 4:06 | Farm |
| 4:08 | Scout Tower |
| 4:10 | Scout Tower |
| 4:13 | Footman |
| 4:47 | Guard Tower |
| 5:04 | Footman |
| 5:38 | Devotion Aura |
| 5:45 | Castle |
| 5:52 | Forest Troll Shadow Priest |
| 6:03 | Arcane Sanctum |
| 6:13 | Advanced Masonry |
| 6:15 | Farm |
| 6:18 | Scout Tower |
| 6:21 | Farm |
| 6:47 | Devotion Aura |
| 6:51 | Footman |
| 7:02 | Footman |
| 7:30 | Footman |
| 7:54 | Priest |
| 7:55 | Priest |
| 7:58 | Priest Adept Training |
| 8:10 | Blacksmith |
| 9:07 | Altar of Kings |
| 9:11 | Farm |
| 9:29 | Arcane Tower |
| 9:44 | Priest |
| 9:48 | Farm |
| 9:54 | Knight |
| 10:01 | Holy Light |
| 10:12 | Brilliance Aura |
| 10:26 | Priest |
| 10:40 | Knight |
| 10:43 | Farm |
| 10:45 | Iron Plating |
| 11:14 | Workshop |
| 11:22 | Defend |
| 12:06 | Blizzard |
| 12:26 | Town Hall |
| 12:35 | Scout Tower |
| 12:40 | Scout Tower |
| 12:42 | Scout Tower |
| 12:43 | Peasant |
| 12:43 | Peasant |
| 12:43 | Peasant |
| 12:54 | Altar of Kings |
| 12:59 | Farm |
| 13:05 | Guard Tower |
| 13:20 | Guard Tower |
| 13:21 | Guard Tower |
| 13:28 | Flak Cannons |
| 14:22 | Scout Tower |
| 14:24 | Scout Tower |
| 14:25 | Scout Tower |
| 14:48 | Scout Tower |
| 14:49 | Scout Tower |
| 14:50 | Scout Tower |
| 14:53 | Peasant |
| 14:53 | Peasant |
| 14:56 | Barracks |
| 14:59 | Flying Machine |
| 14:59 | Flying Machine |
| 14:59 | Flying Machine |
| 14:59 | Flying Machine |
| 15:15 | Scout Tower |
| 15:16 | Scout Tower |
| 15:21 | Guard Tower |
| 15:23 | Farm |
| 15:32 | Flying Machine |
| 15:45 | Altar of Kings |
| 15:59 | Flying Machine |
| 16:07 | Guard Tower |
| 16:36 | Advanced Lumber Harvesting |
| 16:44 | Devotion Aura |
| 16:51 | Blizzard |
| 17:56 | Knight |
| 17:56 | Knight |
| 18:05 | Studded Leather Armor |
| 18:18 | Farm |
| 18:20 | Imbued Masonry |
| 18:25 | Farm |
| 18:36 | Scout Tower |
| 19:16 | Storm Bolt |
| 19:48 | Knight |
| 20:31 | Siege Engine |
| 20:31 | Siege Engine |
| 20:41 | Peasant |
| 20:41 | Peasant |
| 20:41 | Peasant |
| 21:24 | Knight |
| 21:39 | Workshop |
| 22:28 | Siege Engine |
| 22:28 | Siege Engine |
| 22:51 | Black Gunpowder |
| 22:56 | Sorceress |
| 22:58 | Priest |
| 23:13 | Knight |
| 24:10 | Scout Tower |
| 24:11 | Scout Tower |
| 24:13 | Scout Tower |
| 24:14 | Scout Tower |
| 24:15 | Scout Tower |
| 24:37 | Guard Tower |
| 25:19 | Guard Tower |
| 26:11 | Town Hall |
| 26:44 | Knight |
| 27:09 | Scout Tower |
| 27:10 | Guard Tower |
| 28:02 | Arcane Tower |
| 29:03 | Peasant |
| 29:18 | Siege Engine |
| 29:34 | Scout Tower |
| 29:36 | Scout Tower |
| 29:39 | Scout Tower |
| 29:53 | Priest Master Training |
| 29:54 | Priest |
| 29:57 | Siege Engine |
| 30:11 | Guard Tower |
| 30:56 | Guard Tower |
| Select | 731 |
| Right click | 638 |
| Select group | 256 |
| Chat | 154 |
| Misc. action | 123 |
| Build/train/purchase | 109 |
| Assign group | 81 |
| Use ability | 79 |
| Minimap ping | 7 |
| Esc | 3 |